 Dungeon Crawl Stone Soup version 0.20.1-1-g8b1a95d (webtiles) character file.

135 slep the Skirmisher (level 4, -6/37 HPs)
             Began as a Demonspawn Abyssal Knight on Oct 27, 2017.
             Was a Believer of Lugonu.
             Mangled by a scorpion (9 damage)
             ... on level 4 of the Dungeon.
             The game lasted 00:13:03 (2871 turns).

slep the Skirmisher (Demonspawn Abyssal Knight)     Turns: 2871, Time: 00:13:03

Health: -6/37      AC:  6    Str: 13    XL:     4   Next: 97%
Magic:  5/5        EV: 11    Int: 13    God:    Lugonu [**....]
Gold:   65         SH:  0    Dex: 13    Spells: 3/3 levels left

rFire    . . .     SeeInvis .   a - +1 falchion
rCold    . . .     Gourm    .   (no shield)
rNeg     . . .     Faith    .   b - +0 leather armour
rPois    .         Spirit   .   m - +2 hat
rElec    .         Reflect  .   (no cloak)
rCorr    .         Harm     .   s - +0 pair of gloves
MR       .....                  (no boots)
Stlth    +.........             (no amulet)
Regen    0.2/turn               (no ring)
MPRegen  0.1/turn               (no ring)

@: lethally poisoned (-6 -> -20)
A: powered by death 1
a: Depart the Abyss, Bend Space, Renounce Religion


You were on level 4 of the Dungeon.
You worshipped Lugonu.
Lugonu was pleased with you.
You were hungry.

You visited 1 branch of the dungeon, and saw 4 of its levels.
You visited the Abyss 1 time.

You collected 65 gold pieces.

Inventory:

Hand Weapons
 a - a +1 falchion (weapon)
 o - a +0 dagger of electrocution
Armour
 b - a +0 leather armour (worn)
 m - a +2 hat (worn)
 s - a +0 pair of gloves (worn)
Scrolls
 d - 6 scrolls of identify {unknown}
 g - a scroll of fog {unknown}
 h - 2 scrolls of fear {unknown}
 i - a scroll of recharging {unknown}
 j - a scroll of teleportation {unknown}
 l - a scroll of immolation {unknown}
 n - a scroll of blinking {unknown}
 q - a scroll of remove curse {unknown}
 r - a scroll of enchant armour {unknown}
Potions
 e - a potion of heal wounds
 t - 2 potions of might {unknown}
Comestibles
 c - 2 bread rations
 f - 3 meat rations
 k - 4 fruits
 p - 3 royal jellies


   Skills:
 + Level 4.2 Fighting
 + Level 3.2 Long Blades
 + Level 2.2 Armour
 + Level 1.3 Dodging
 + Level 0.6 Stealth
 + Level 2.4 Invocations


You had 3 spell levels left.
You didn't know any spells.

Dungeon Overview and Level Annotations

Branches:
Dungeon (4/15)
 Temple: D:4-7

Altars:
Sif Muna
Uskayaw


Innate Abilities, Weirdness & Mutations

You regenerate a little health from kills.


Message History

You feel sick.
The leopard gecko skeleton closely misses you.
You riposte.
You hit the leopard gecko skeleton.
You destroy the leopard gecko skeleton!
Lugonu accepts your kill.
The scorpion stings you but does no damage.
You closely miss the scorpion.
The scorpion is lightly wounded.
You feel sick. The scorpion stings you!
* * * LOW HITPOINT WARNING * * *
You hit the scorpion.
The scorpion is lightly wounded.
* * * LOW HITPOINT WARNING * * *
You feel sick. The scorpion stings you.
* * * LOW HITPOINT WARNING * * *
You slash the scorpion!
The scorpion is severely wounded.
* * * LOW HITPOINT WARNING * * *
You feel sick. The scorpion stings you!
You die...

#.# #.# #.# ...
### #.###....
#......# #<.#
#..# #@.#
#....s.....#
#..............
#=.#.##..######
#. #. #... #
##.## .# .#


You could see a scorpion.

Vanquished Creatures
  3 gnolls (D:3)
  2 adders (D:3)
  An ooze (D:1)
  An adder skeleton (D:3)
  3 worms (D:2)
  3 dart slugs (D:1)
  4 leopard geckos
  3 giant cockroaches
  6 goblins
  9 hobgoblins
  7 jackals
  A quokka (D:3)
  5 bats
  3 frilled lizards (D:1)
  4 kobolds
  A leopard gecko skeleton (D:4)
  6 rats
62 creatures vanquished.

Notes
Turn   | Place    | Note
-------+----------+-------------------------------------------
     0 | Abyss:1  | slep the Demonspawn Abyssal Knight began the quest for the Orb.
     0 | Abyss:1  | Reached XP level 1. HP: 18/18 MP: 2/2
    93 | Abyss:1  | Found a corrupted altar of Lugonu.
   170 | Abyss:1  | Noticed a worldbinder
   171 | Abyss:1  | Noticed a manticore
   173 | Abyss:1  | Noticed a manticore
   173 | Abyss:1  | Noticed a manticore
   173 | Abyss:1  | Noticed a merfolk siren
   174 | D:1      | Escaped the Abyss
   222 | D:1      | Reached * piety under Lugonu
   229 | D:1      | Gained mutation: You regenerate a little health from kills. [demonic ancestry]
   229 | D:1      | Reached XP level 2. HP: 6/24 MP: 3/3
   247 | D:1      | HP: 1/24 [jackal (1)]
   248 | D:1      | Reached skill level 1 in Dodging
   644 | D:1      | Reached XP level 3. HP: 25/30 MP: 4/4
  1314 | D:2      | Reached skill level 4 in Fighting
  1668 | D:2      | Reached ** piety under Lugonu
  1668 | D:2      | Reached XP level 4. HP: 26/37 MP: 5/5
  2313 | D:3      | Found a hide-covered altar of Uskayaw.
  2317 | D:3      | Found a deep blue altar of Sif Muna.
  2871 | D:4      | Mangled by a scorpion

Skill      XL: |  1  2  3  4 |
---------------+-------------+-----
Dodging        | 1 |  1.3
Long Blades    | 2 3 |  3.2
Armour         | 2 |  2.2
Fighting       | 4 |  4.2
Stealth        | |  0.6
Invocations    | |  2.4

Action                   |  1- 3 |  4- 6 || total
-------------------------+-------+-------++-------
Melee: Falchion          |   150 |    89 ||   239
Invok: Depart the Abyss  |     1 |       ||     1
  Use: Potion            |       |     3 ||     3
  Eat: Chunk             |     3 |     3 ||     6
Armor: Leather armour    |    36 |    30 ||    66
Dodge: Dodged            |   103 |    66 ||   169
       Rpst.: Falchion   |    32 |    14 ||    46
